 Dungeon Crawl Stone Soup version 0.21.0-22-g11d5b52 (webtiles) character file.

2100 theElss the Cudgeler (level 9, -8/82 HPs)
             Began as a Gargoyle Berserker on Jan 18, 2018.
             Was a Priest of Trog.
             Mangled by an ogre
             ... wielding a +0 giant spiked club
              (13 damage)
             ... on level 7 of the Dungeon.
             The game lasted 00:18:21 (6866 turns).

theElss the Cudgeler (Gargoyle Berserker)           Turns: 6866, Time: 00:18:22

Health: -8/82      AC: 12    Str: 26    XL:     9   Next: 28%
Magic:  9/9        EV: 12    Int:  9    God:    Trog [***...]
Gold:   263        SH:  4    Dex:  9    Spells: 8/8 levels left

rFire    . . .     SeeInvis +   a - +0 mace
rCold    . . .     Gourm    .   k - +0 buckler
rNeg     + . .     Faith    .   f - +0 ring mail
rPois    ∞         Spirit   .   (no helmet)
rElec    +         Reflect  .   (no cloak)
rCorr    .         Harm     .   (no gloves)
MR       .....                  (no boots)
Stlth    ..........             (no amulet)
HPRegen  0.23/turn              x - ring of see invisible
MPRegen  0.11/turn              n - -2 ring of strength (curse)

@: berserking (expiring), very quick
A: negative energy resistance 1, electricity resistance, unbreathing,
petrification resistance, rot immunity, AC +6
a: Berserk, Trog's Hand, Burn Spellbooks, Renounce Religion


You were on level 7 of the Dungeon.
You worshipped Trog.
Trog was most pleased with you.
You were very hungry.

You visited 1 branch of the dungeon, and saw 7 of its levels.

You collected 263 gold pieces.

Inventory:

Hand Weapons
 a - a +0 mace (weapon)
Armour
 b - a +0 animal skin
 f - a +0 ring mail (worn)
 k - a +0 buckler (worn)
Jewellery
 g - an uncursed ring of flight
 n - a cursed -2 ring of strength (right hand)
 x - a ring of see invisible (left hand)
 D - a cursed ring of loudness {unknown}
Wands
 v - a wand of random effects (17)
Scrolls
 d - 5 scrolls of identify
 i - 3 scrolls of noise
 j - 3 scrolls of remove curse {unknown}
 m - 2 scrolls of enchant weapon {unknown}
 o - 2 scrolls of enchant armour {unknown}
 p - 3 scrolls of teleportation {unknown}
 t - a scroll of fog {unknown}
 u - a scroll of amnesia {unknown}
 y - a scroll of fear {unknown}
 E - 2 scrolls of magic mapping {unknown}
Potions
 e - 3 potions of haste {unknown}
 h - a potion of ambrosia {unknown}
 l - a potion of agility {unknown}
 q - a potion of curing {unknown}
 r - 2 potions of might {unknown}
 s - a potion of mutation {unknown}
 w - a potion of degeneration {unknown}
 z - a potion of cancellation {unknown}
 A - a potion of heal wounds {unknown}
 B - a potion of flight {unknown}
Books
 C - a book of Geomancy

   Spells                             Type                      Level
   a - Sandblast                      Earth                        1
   b - Passwall                       Transmutation/Earth          2
   c - Stone Arrow                    Conjuration/Earth            3
   d - Petrify                        Transmutation/Earth          4
   e - Lee's Rapid Deconstruction     Earth                        5
   Trog disapproves of the use of such an item.
 F - a book of Misfortune

   Spells                             Type                      Level
   a - Confusing Touch                Hexes                        1
   b - Confuse                        Hexes                        3
   c - Gell's Gravitas                Translocation                3
   d - Petrify                        Transmutation/Earth          4
   e - Metabolic Englaciation         Hexes/Ice                    5
   f - Yara's Violent Unravelling     Hexes/Transmutation          5
   Trog disapproves of the use of such an item.
Comestibles
 c - 9 rations


   Skills:
 + Level 6.3 Fighting
 + Level 7.8 Maces & Flails
 + Level 5.4 Armour
 + Level 4.0 Dodging
 - Level 5.3 Shields


You had 8 spell levels left.
You didn't know any spells.

Dungeon Overview and Level Annotations

Branches:
Dungeon (7/15)
 Temple: D:4-7

Altars:

Shops:
D:5 %

Portals:
Ossuary: D:7


Innate Abilities, Weirdness & Mutations

You are resistant to torment.
Your stone body is resilient. (AC +6)
You are immune to poison.
You resist negative energy. (rN+)
You are resistant to electric shocks. (rElec)
You can survive without breathing.
You are immune to petrification.
You are immune to rotting.


Message History

You feel the power of Trog in you as your rage grows.
You kill Joseph!
Trog accepts your kill.
Training target 5.0 for Shields reached!
Your Dodging skill increases to level 4!
Your Shields skill increases to level 5!
You hit the ogre.
The ogre is lightly wounded.
Unknown command.
You sock the ogre!
The ogre is heavily wounded.
The ogre barely misses you.
Unknown command.
You hit the ogre.
The ogre is severely wounded.
Unknown command.
You sock the ogre!
The ogre is almost dead.
The ogre hits you with a giant spiked club!
You die...

###.........#
............#
............# .
##..........# ...
#...........#
....#.. .......
.......###..#######
......)@(..........
.#..∩.O###.#..#####
#..... #<##...#
#.....###.# ##.#
...#####...# ). ..
##..### ## . #<.##
........##
####....#


You could see an ogre.

Vanquished Creatures
  Joseph (D:7)
  Prince Ribbit (D:6)
  An orc warrior (D:6)
  Duvessa (D:4)
  A black bear (D:6)
  A phantom (D:4)
  3 ogres
  A bullfrog (D:7)
  Dowan (D:4)
  3 crimson imps
  A bullfrog zombie (D:6)
  3 orc priests
  2 orc wizards
  A bullfrog skeleton (D:5)
  5 hounds
  A jelly (D:6)
  Jessica (D:3)
  2 iguanas (D:6)
  2 worker ants (D:5)
  A hound zombie (D:6)
  8 adders
  A shadow imp (D:5)
  An ooze (D:3)
  An adder zombie (D:5)
  2 worms
  2 dart slugs
  5 leopard geckos
  20 orcs
  6 giant cockroaches
  8 goblins
  7 hobgoblins
  4 jackals (D:4)
  3 quokkas
  3 ball pythons
  7 bats
  2 frilled lizards
  8 kobolds
  A leopard gecko skeleton (D:5)
  2 rats
124 creatures vanquished.

Notes
Turn   | Place    | Note
-------+----------+-------------------------------------------
     0 | D:1      | theElss the Gargoyle Berserker began the quest for the Orb.
     0 | D:1      | Reached XP level 1. HP: 14/14 MP: 1/1
   329 | D:1      | Reached XP level 2. HP: 19/19 MP: 2/2
   880 | D:2      | Reached XP level 3. HP: 11/24 MP: 3/3
  1033 | D:2      | Reached ** piety under Trog
  1316 | D:2      | Reached XP level 4. HP: 2/29 MP: 4/4
  2111 | D:3      | Reached skill level 1 in Shields
  2118 | D:3      | Reached skill level 4 in Maces & Flails
  2118 | D:3      | Reached XP level 5. HP: 33/33 MP: 5/5
  2605 | D:3      | Noticed Jessica
  2618 | D:3      | Killed Jessica
  2881 | D:4      | Noticed Dowan
  2882 | D:4      | Noticed Duvessa
  2922 | D:4      | Killed Duvessa
  2922 | D:4      | Reached XP level 6. HP: 39/39 MP: 6/6
  2930 | D:4      | Killed Dowan
  3060 | D:4      | Reached skill level 5 in Maces & Flails
  3268 | D:4      | Reached XP level 7. HP: 39/44 MP: 7/7
  3619 | D:4      | Reached *** piety under Trog
  3851 | D:5      | Entered Level 5 of the Dungeon
  3931 | D:4      | Reached skill level 5 in Fighting
  4003 | D:5      | Reached skill level 6 in Maces & Flails
  4003 | D:5      | Reached XP level 8. HP: 14/49 MP: 8/8
  4258 | D:5      | Found Rehaona's Food Boutique.
  4851 | D:6      | Noticed Prince Ribbit
  5275 | D:6      | Killed Prince Ribbit
  5611 | D:6      | Reached skill level 7 in Maces & Flails
  6442 | D:6      | Reached skill level 5 in Armour
  6474 | D:6      | Reached XP level 9. HP: 55/55 MP: 9/9
  6825 | D:7      | Found a sand-covered staircase.
  6841 | D:7      | Noticed Joseph
  6860 | D:7      | HP: 4/82 [ogre/giant spiked club (19)]
  6862 | D:7      | Killed Joseph
  6862 | D:7      | Reached skill level 5 in Shields
  6866 | D:7      | Mangled by an ogre

Skill      XL: |  1  2  3  4  5  6  7  8  9 |
---------------+----------------------------+-----
Dodging        | 2 3 4 |  4.0
Fighting       | 4 5 6 |  6.3
Shields        | 1 2 3 4 5 |  5.3
Maces & Flails | 4 5 6 7 |  7.8
Armour         | 3 4 5 |  5.4

Action                   |  1- 3 |  4- 6 |  7- 9 || total
-------------------------+-------+-------+-------++-------
Melee: Mace              |   150 |   187 |   358 ||   695
Invok: Berserk           |     1 |     3 |     9 ||    13
  Use: Scroll            |       |       |     1 ||     1
  Eat: Chunk             |     1 |    11 |     9 ||    21
       Ration            |       |       |     3 ||     3
Armor: Animal skin       |    55 |       |       ||    55
       Ring mail         |       |   110 |   152 ||   262
Dodge: Dodged            |   106 |   117 |   204 ||   427
Block: Buckler           |    13 |    36 |    60 ||   109
